NEW JERSEY Devils vs NEW YORK Rangers

Created - 3 avril 2024 at 14:29

Goals
1 2 3 T
NEW JERSEY Devils 1 0 0 1
NEW YORK Rangers 0 2 4 6
Shots
1 2 3 T
NEW JERSEY Devils 10 10 8 28
NEW YORK Rangers 10 10 15 35

1st period

1. NEW JERSEY Devils , Andreas Athanasiou 19 (J.T. Compher 27, Thomas Novak 8) at 15:27

Penalties :
Chris Wideman (NJD) for Tripping (Minor) at 1:12, Jacob Middleton (NYR) for Interference (Minor) at 8:46, Jake Allen (NJD) for Slashing (Minor) at 17:01 - Bowen Byram served the penalty.

2nd period

2. NEW YORK Rangers , Justin Faulk 17 (Timo Meier 36, Jared Spurgeon 48) at 6:32
3. NEW YORK Rangers , Jamie Benn 26 (Mats Zuccarello 18) at 7:44

Penalties :
Tyler Myers (NYR) for High sticking (Minor) at 8:22

3rd period

4. NEW YORK Rangers , Kirill Marchenko 6 (Dante Fabbro 16, Kasperi Kapanen 20) at 1:12
5. NEW YORK Rangers , Andrew Copp 21 (Jacob Middleton 20) at 3:34
6. NEW YORK Rangers , Tyler Myers 15 (Brayden Schenn 35, Timo Meier 37) at 9:26
7. NEW YORK Rangers , Tyler Myers 16 (Conor Garland 20, Cam Fowler 46) at 14:38

Penalties :
J.T. Compher (NJD) for Hooking (Minor) at 17:51

Goalie Stats

Jake Allen (NJD), 29 saves from 35 shots - (0,829), L, 21-20-1, 60:00 minutes
Linus Ullmark (NYR), 27 saves from 28 shots - (0,964), W, 43-15-5, 60:00 minutes

Players Stats for NEW JERSEY Devils

Player Name              G  A  P  +/- PIM S  H  SB GA TA FO     MP     PP MP  PK MP  
------------------------------------------------------------------------------------
Adam Boqvist             0  0  0  -3  0   0  0  1  0  0  0/0    24:58   1:48   3:02 
Alexander Petrovic       0  0  0  -1  0   0  1  2  0  0  0/0    17:40   1:48   1:48 
Andreas Athanasiou       1  0  1  -1  0   6  2  0  0  0  1/1    16:25   1:48   0:00 
Bowen Byram              0  0  0  -3  0   2  3  1  0  0  0/0    24:23   2:10   2:05 
Chris Wideman            0  0  0  -1  2   0  4  1  0  0  0/0    17:37   0:00   1:45 
Connor Brown             0  0  0   0  0   1  0  0  0  0  0/0     5:08   0:00   0:00 
Gabriel Landeskog        0  0  0   0  0   0  1  0  0  0  0/0     5:08   0:00   0:00 
J.T. Compher             0  1  1  -1  2   2  1  0  0  0  8/22   14:36   0:00   0:00 
Jack Hughes              0  0  0  -2  0   1  1  0  0  0  11/37  25:16   2:10   3:55 
Jake Bean                0  0  0  -1  0   1  1  1  0  0  0/0    11:20   0:00   0:00 
James van Riemsdyk       0  0  0  -2  0   2  1  0  0  0  0/2    23:23   2:10   2:02 
Joel Armia               0  0  0  -2  0   1  0  0  0  0  0/2    12:57   1:48   0:00 
Jon Merrill              0  0  0  -1  0   2  2  0  0  0  0/0    24:01   2:10   3:14 
Kyle Okposo              0  0  0  -2  0   6  0  0  0  0  0/1    25:16   2:10   3:55 
Miles Wood               0  0  0   0  0   2  1  0  0  0  0/3     5:08   0:00   0:00 
Oskar Lindblom           0  0  0  -2  0   2  2  0  0  0  1/4    14:59   1:48   2:02 
Ryan Donato              0  0  0  -2  0   0  1  0  0  0  7/14   11:09   0:00   0:00 
Thomas Novak             0  1  1  -1  0   0  0  0  0  0  0/0    14:37   0:00   0:00 

Players Stats for NEW YORK Rangers

Player Name              G  A  P  +/- PIM S  H  SB GA TA FO     MP     PP MP  PK MP  
------------------------------------------------------------------------------------
Andrew Copp              1  0  1   2  0   1  0  0  0  0  3/7    13:19   2:53   0:00 
Brayden Schenn           0  1  1   3  0   1  6  0  0  0  18/30  19:49   3:04   1:35 
Cam Fowler               0  1  1   3  0   1  0  1  0  0  0/0    21:42   3:04   1:22 
Casey Cizikas            0  0  0   0  0   1  1  0  0  0  4/5     6:21   0:00   0:00 
Chris Kreider            0  0  0   0  0   11 4  0  0  0  3/3    23:24   2:53   2:23 
Conor Garland            0  1  1   3  0   2  0  0  0  0  0/0    15:10   0:00   0:00 
Dante Fabbro             0  1  1   2  0   2  1  0  0  0  0/0    13:39   0:00   0:00 
Jacob Middleton          0  1  1   2  2   0  0  2  0  0  0/0    14:11   0:00   0:33 
Jamie Benn               1  0  1   0  0   4  3  0  0  0  24/34  23:24   2:53   2:23 
Jared Spurgeon           0  1  1   0  0   3  0  1  0  0  0/0    24:39   2:53   2:36 
Justin Faulk             1  0  1   0  0   1  1  1  0  0  0/0    24:39   2:53   2:36 
Kasperi Kapanen          0  1  1   2  0   0  0  0  0  0  2/3    13:30   3:04   0:00 
Kirill Marchenko         1  0  1   2  0   1  0  0  0  0  1/1    10:26   0:00   0:00 
Mats Zuccarello          0  1  1   0  0   0  0  0  0  0  2/2    18:08   0:00   0:00 
Ryan Lomberg             0  0  0   0  0   0  1  0  0  0  1/1     6:21   0:00   0:00 
Timo Meier               0  2  2   3  0   2  2  0  0  0  0/0    19:49   3:04   1:35 
Tyler Myers              2  0  2   3  2   4  0  1  0  0  0/0    21:08   3:04   0:49 
Vladislav Namestnikov    0  0  0   0  0   1  1  0  0  0  0/0     6:21   0:00   0:00 

3 Stars

1 - Tyler Myers (NYR)
2 - Brayden Schenn (NYR)
3 - Timo Meier (NYR)

Power Play

NEW JERSEY Devils - 0 on 2 Attempt(s) - 0,00%
NEW YORK Rangers - 0 on 3 Attempt(s) - 0,00%

Penalty Kill

NEW JERSEY Devils - 3 on 3 Attempt(s) - 100,00% - Score 0 goal in Penalty Kill
NEW YORK Rangers - 2 on 2 Attempt(s) - 100,00% - Score 0 goal in Penalty Kill

Team Stat

NEW JERSEY Devils - Hits : 21 - Faceoff Wins : 28 - Blocked Shots : 6 - Penalty Minutes : 6
NEW YORK Rangers - Hits : 20 - Faceoff Wins : 58 - Blocked Shots : 6 - Penalty Minutes : 4

Official

Referees : Steve Kozari and Bill Hetherington
Linesman : Jonathan Deschamps and Travis Gawryletz

Game Notes

No Game Note

Finance

Level 1 -- Attendance: 4550 (75,83%) -- Ticket Income $455,000
Level 2 -- Attendance: 4262 (85,24%) -- Ticket Income $255,720
Level 3 -- Attendance: 2000 (100,00%) -- Ticket Income $70,000
Level 4 -- Attendance: 4000 (100,00%) -- Ticket Income $80,000
Luxury Box -- Attendance: 729 (72,90%) -- Ticket Income $145,800
Game was played at the Madison Square Garden.
Total Attendance: 15541 (86,34%)
Total Ticket Income: $1,006,520
Other Income: $251,630
Total Income: $1,258,150

NEW JERSEY Devils

5 vs 5 Forward 
   Center                   Left Wing                Right Wing               Time % Phy DF OF 
 1 Jack Hughes              James van Riemsdyk       Kyle Okposo              40     1   2  2  
 2 J.T. Compher             Thomas Novak             Andreas Athanasiou       30     1   2  2  
 3 Ryan Donato              Oskar Lindblom           Joel Armia               20     1   2  2  
 4 Miles Wood               Gabriel Landeskog        Connor Brown             10     1   2  2  

5 vs 5 Defense 
   Defense                  Defense                                           Time % Phy DF OF 
 1 Adam Boqvist             Bowen Byram                                       40     2   2  1  
 2 Chris Wideman            Jon Merrill                                       30     2   2  1  
 3 Jake Bean                Alexander Petrovic                                20     2   2  1  
 4 Jon Merrill              Alexander Petrovic                                10     1   2  2  

PowerPlay Forward 
   Center                   Left Wing                Right Wing               Time % Phy DF OF 
 1 Jack Hughes              James van Riemsdyk       Kyle Okposo              60     1   2  2  
 2 Oskar Lindblom           Joel Armia               Andreas Athanasiou       40     1   2  2  

PowerPlay Defense
   Defense                  Defense                                           Time % Phy DF OF 
 1 Jon Merrill              Bowen Byram                                       60     1   2  2  
 2 Adam Boqvist             Alexander Petrovic                                40     1   2  2  

Penalty Kill 4 Players Forward 
   Center                   Wing                     Time % Phy DF OF 
 1 Jack Hughes              Kyle Okposo              60     1   2  2  
 2 Oskar Lindblom           James van Riemsdyk       40     1   2  2  

Penalty Kill 4 Players Defense
   Defense                  Defense                  Time % Phy DF OF 
 1 Jon Merrill              Bowen Byram              60     1   2  2  
 2 Adam Boqvist             Chris Wideman            40     1   2  2  

Penalty Kill - 3 Players Forward 
   Forward                                           Time % Phy DF OF 
 1 Jack Hughes                                       60     1   2  2  
 2 Kyle Okposo                                       40     1   2  2  

Penalty Kill - 3 Players Defense
   Defense                  Defense                  Time % Phy DF OF 
 1 Jon Merrill              Bowen Byram              60     1   2  2  
 2 Adam Boqvist             Chris Wideman            40     1   2  2  

4 vs 4 Forward 
   Center                   Wing                     Time % Phy DF OF 
 1 Jack Hughes              Kyle Okposo              60     1   2  2  
 2 Andreas Athanasiou       James van Riemsdyk       40     1   2  2  

4 vs 4 Defense
   Defense                  Defense                  Time % Phy DF OF 
 1 Jon Merrill              Bowen Byram              60     1   2  2  
 2 Adam Boqvist             Alexander Petrovic       40     1   2  2  

Last Minutes Offensive
   Center                   Left Wing                Right Wing               Defense                  Defense                  
   Jack Hughes              James van Riemsdyk       Kyle Okposo              Jon Merrill              Bowen Byram              

Last Minutes Defensive
   Center                   Left Wing                Right Wing               Defense                  Defense                  
   Jack Hughes              James van Riemsdyk       Kyle Okposo              Jon Merrill              Bowen Byram              

Goaltenders
Starting : Jake Allen               
Backup : Antti Raanta             

Extra Forwards
Normal : Jack Hughes, Oskar Lindblom, Joel Armia - PP : Kyle Okposo, Oskar Lindblom - PK : Joel Armia
Extra Defensemen
Normal : Chris Wideman, Alexander Petrovic, Adam Boqvist - PP : Chris Wideman - PK : Alexander Petrovic, Adam Boqvist
Penalty Shots
Jack Hughes, Kyle Okposo, Joel Armia, James van Riemsdyk, Oskar Lindblom

Scratches
Mattias Janmark (Healthy), Dustin Tokarski (Healthy)

NEW YORK Rangers

5 vs 5 Forward 
   Center                   Left Wing                Right Wing               Time % Phy DF OF 
 1 Jamie Benn               Chris Kreider            Mats Zuccarello          40     1   2  2  
 2 Brayden Schenn           Timo Meier               Conor Garland            30     1   2  2  
 3 Andrew Copp              Kasperi Kapanen          Kirill Marchenko         20     1   3  1  
 4 Casey Cizikas            Ryan Lomberg             Vladislav Namestnikov    10     3   2  0  

5 vs 5 Defense 
   Defense                  Defense                                           Time % Phy DF OF 
 1 Jared Spurgeon           Justin Faulk                                      40     0   3  2  
 2 Cam Fowler               Tyler Myers                                       33     1   3  1  
 3 Jacob Middleton          Dante Fabbro                                      26     2   2  1  
 4 Jared Spurgeon           Justin Faulk                                      1      1   2  2  

PowerPlay Forward 
   Center                   Left Wing                Right Wing               Time % Phy DF OF 
 1 Jamie Benn               Chris Kreider            Andrew Copp              60     1   2  2  
 2 Brayden Schenn           Timo Meier               Kasperi Kapanen          40     1   2  2  

PowerPlay Defense
   Defense                  Defense                                           Time % Phy DF OF 
 1 Jared Spurgeon           Justin Faulk                                      60     1   2  2  
 2 Cam Fowler               Tyler Myers                                       40     1   2  2  

Penalty Kill 4 Players Forward 
   Center                   Wing                     Time % Phy DF OF 
 1 Jamie Benn               Chris Kreider            60     1   2  2  
 2 Brayden Schenn           Timo Meier               40     1   2  2  

Penalty Kill 4 Players Defense
   Defense                  Defense                  Time % Phy DF OF 
 1 Jared Spurgeon           Justin Faulk             60     1   2  2  
 2 Cam Fowler               Tyler Myers              40     1   2  2  

Penalty Kill - 3 Players Forward 
   Forward                                           Time % Phy DF OF 
 1 Jamie Benn                                        60     1   2  2  
 2 Brayden Schenn                                    40     1   2  2  

Penalty Kill - 3 Players Defense
   Defense                  Defense                  Time % Phy DF OF 
 1 Jared Spurgeon           Justin Faulk             60     1   2  2  
 2 Cam Fowler               Tyler Myers              40     1   2  2  

4 vs 4 Forward 
   Center                   Wing                     Time % Phy DF OF 
 1 Jamie Benn               Chris Kreider            60     1   2  2  
 2 Brayden Schenn           Timo Meier               40     1   2  2  

4 vs 4 Defense
   Defense                  Defense                  Time % Phy DF OF 
 1 Jared Spurgeon           Justin Faulk             60     1   2  2  
 2 Cam Fowler               Tyler Myers              40     1   2  2  

Last Minutes Offensive
   Center                   Left Wing                Right Wing               Defense                  Defense                  
   Jamie Benn               Chris Kreider            Andrew Copp              Jared Spurgeon           Justin Faulk             

Last Minutes Defensive
   Center                   Left Wing                Right Wing               Defense                  Defense                  
   Jamie Benn               Chris Kreider            Andrew Copp              Jared Spurgeon           Justin Faulk             

Goaltenders
Starting : Linus Ullmark            
Backup : Joonas Korpisalo         

Extra Forwards
Normal : Brayden Schenn, Andrew Copp, Conor Garland - PP : Brayden Schenn, Andrew Copp - PK : Brayden Schenn
Extra Defensemen
Normal : Tyler Myers, Jacob Middleton, Dante Fabbro - PP : Tyler Myers - PK : Tyler Myers, Jacob Middleton
Penalty Shots
Jamie Benn, Chris Kreider, Timo Meier, Mats Zuccarello, Brayden Schenn

Scratches
Mason Shaw (Healthy), Eric Comrie (Healthy)

% Time on Ice - NEW JERSEY Devils

Lines # - Real PCT - Wanted PCT - Time Play
Normal Forward
1 - 38% - 40% - 19:11
2 - 29% - 30% - 14:37
3 - 22% - 20% - 11:09
4 - 10% - 10% - 5:08
Normal Defense
1 - 40% - 40% - 20:08
2 - 32% - 30% - 15:53
3 - 21% - 20% - 10:23
4 - 7% - 10% - 3:41
PP Forward
1 - 55% - 60% - 2:10
2 - 45% - 40% - 1:48
PP Defense
1 - 55% - 60% - 2:10
2 - 45% - 40% - 1:48
PK Forward
1 - 66% - 60% - 3:55
2 - 34% - 40% - 2:02
PK Defense
1 - 68% - 60% - 4:04
2 - 32% - 40% - 1:53
PK3 Forward
1 - 0% - 60%
2 - 0% - 40%
PK3 Defense
1 - 0% - 60%
2 - 0% - 40%
44 Forward
1 - 0% - 60%
2 - 0% - 40%
44 Defense
1 - 0% - 60%
2 - 0% - 40%
Last Minute Offensive  - 0:00
Last Minute Defensive  - 0:00
Total
Forward - 60:00
Defense - 60:00

% Time on Ice - NEW YORK Rangers

Lines # - Real PCT - Wanted PCT - Time Play
Normal Forward
1 - 36% - 40% - 18:08
2 - 30% - 30% - 15:10
3 - 21% - 20% - 10:26
4 - 13% - 10% - 6:21
Normal Defense
1 - 38% - 40% - 19:10
2 - 34% - 33% - 17:16
3 - 27% - 26% - 13:39
4 - 0% - 1% - 0:00
PP Forward
1 - 48% - 60% - 2:53
2 - 52% - 40% - 3:04
PP Defense
1 - 48% - 60% - 2:53
2 - 52% - 40% - 3:04
PK Forward
1 - 60% - 60% - 2:23
2 - 40% - 40% - 1:35
PK Defense
1 - 66% - 60% - 2:36
2 - 34% - 40% - 1:22
PK3 Forward
1 - 0% - 60%
2 - 0% - 40%
PK3 Defense
1 - 0% - 60%
2 - 0% - 40%
44 Forward
1 - 0% - 60%
2 - 0% - 40%
44 Defense
1 - 0% - 60%
2 - 0% - 40%
Last Minute Offensive  - 0:00
Last Minute Defensive  - 0:00
Total
Forward - 60:00
Defense - 60:00

Play-by-Play

1st period


0:01 of 1st period - Chris Kreider wins face-off versus Jack Hughes in neutral zone.
0:08 of 1st period - Shot by Mats Zuccarello.
0:08 of 1st period - Shot Blocked by Bowen Byram.
0:39 of 1st period - Shot by Kyle Okposo.
0:39 of 1st period - Stopped by Linus Ullmark with a rebound.
1:12 of 1st period - Minor Penalty to Chris Wideman for Tripping.
1:13 of 1st period - Jack Hughes wins face-off versus Brayden Schenn in NEW JERSEY Devils zone.
1:13 of 1st period - Jack Hughes is hit by Brayden Schenn.
1:56 of 1st period - Shot by Jon Merrill.
1:56 of 1st period - Stopped by Linus Ullmark without a rebound.
1:57 of 1st period - Chris Kreider wins face-off versus James van Riemsdyk in NEW YORK Rangers zone.
1:57 of 1st period - Chris Kreider is hit by Oskar Lindblom.
2:07 of 1st period - Shot by Jared Spurgeon.
2:07 of 1st period - Deflect By Chris Kreider.
2:07 of 1st period - Shot Misses the Net.
2:13 of 1st period - Shot by Justin Faulk.
2:13 of 1st period - Shot Misses the Net.
2:15 of 1st period - Shot by Chris Kreider.
2:15 of 1st period - Stopped by Jake Allen without a rebound.
2:16 of 1st period - Brayden Schenn wins face-off versus Jack Hughes in NEW JERSEY Devils zone.
2:29 of 1st period - Shot by Timo Meier.
2:29 of 1st period - Stopped by Jake Allen without a rebound.
2:30 of 1st period - Jamie Benn wins face-off versus Jack Hughes in NEW JERSEY Devils zone.
2:41 of 1st period - Shot by Andrew Copp.
2:41 of 1st period - Shot Misses the Net.
2:47 of 1st period - Shot by Justin Faulk.
2:47 of 1st period - Deflect By Chris Kreider.
2:47 of 1st period - Stopped by Jake Allen without a rebound.
2:48 of 1st period - Brayden Schenn wins face-off versus Oskar Lindblom in NEW JERSEY Devils zone.
3:32 of 1st period - Icing by Jake Bean.
3:33 of 1st period - J.T. Compher wins face-off versus Jamie Benn in NEW JERSEY Devils zone.
3:33 of 1st period - J.T. Compher is hit by Chris Kreider.
5:04 of 1st period - Shot by Timo Meier.
5:04 of 1st period - Stopped by Jake Allen without a rebound.
5:05 of 1st period - Jack Hughes wins face-off versus Andrew Copp in NEW JERSEY Devils zone.
5:36 of 1st period - Jared Spurgeon is hit by Chris Wideman and loses puck.
6:11 of 1st period - Gabriel Landeskog is hit by Chris Kreider and loses puck.
6:24 of 1st period - Shot by Connor Brown.
6:24 of 1st period - Stopped by Linus Ullmark without a rebound.
6:25 of 1st period - Brayden Schenn wins face-off versus J.T. Compher in NEW YORK Rangers zone.
7:07 of 1st period - Icing by Jacob Middleton.
7:08 of 1st period - Ryan Donato wins face-off versus Brayden Schenn in NEW YORK Rangers zone.
8:09 of 1st period - Shot by Kyle Okposo.
8:09 of 1st period - Stopped by Linus Ullmark without a rebound.
8:10 of 1st period - Jamie Benn wins face-off versus Miles Wood in NEW YORK Rangers zone.
8:36 of 1st period - Shot by Jared Spurgeon.
8:36 of 1st period - Stopped by Jake Allen without a rebound.
8:37 of 1st period - Jack Hughes wins face-off versus Casey Cizikas in NEW JERSEY Devils zone.
8:37 of 1st period - Jack Hughes is hit by Casey Cizikas.
8:46 of 1st period - Minor Penalty to Jacob Middleton for Interference.
8:47 of 1st period - Jack Hughes wins face-off versus Jamie Benn in NEW YORK Rangers zone.
8:54 of 1st period - Shot by Jack Hughes.
8:54 of 1st period - Shot Blocked by Jared Spurgeon.
8:56 of 1st period - Shot by Jon Merrill.
8:56 of 1st period - Stopped by Linus Ullmark without a rebound.
8:57 of 1st period - Jack Hughes wins face-off versus Jamie Benn in NEW YORK Rangers zone.
9:55 of 1st period - Shot by Adam Boqvist.
9:55 of 1st period - Deflect By Oskar Lindblom.
9:55 of 1st period - Stopped by Linus Ullmark without a rebound.
9:56 of 1st period - Oskar Lindblom wins face-off versus Brayden Schenn in NEW YORK Rangers zone.
10:07 of 1st period - Shot by Joel Armia.
10:07 of 1st period - Stopped by Linus Ullmark without a rebound.
10:08 of 1st period - Brayden Schenn wins face-off versus Oskar Lindblom in NEW YORK Rangers zone.
11:00 of 1st period - Icing by Jon Merrill.
11:01 of 1st period - Brayden Schenn wins face-off versus Jack Hughes in NEW JERSEY Devils zone.
12:21 of 1st period - Icing by Brayden Schenn.
12:22 of 1st period - Ryan Donato wins face-off versus Brayden Schenn in NEW YORK Rangers zone.
12:54 of 1st period - Shot by Ryan Donato.
12:54 of 1st period - Shot Misses the Net.
12:56 of 1st period - Shot by Jake Bean.
12:56 of 1st period - Stopped by Linus Ullmark without a rebound.
12:57 of 1st period - Jamie Benn wins face-off versus J.T. Compher in NEW YORK Rangers zone.
12:57 of 1st period - Jamie Benn is hit by Andreas Athanasiou.
14:13 of 1st period - Icing by James van Riemsdyk.
14:14 of 1st period - Casey Cizikas wins face-off versus Jack Hughes in NEW JERSEY Devils zone.
14:52 of 1st period - Shot by Casey Cizikas.
14:52 of 1st period - Deflect By Vladislav Namestnikov.
14:52 of 1st period - Shot Blocked by Chris Wideman.
14:54 of 1st period - Shot by Casey Cizikas.
14:54 of 1st period - Stopped by Jake Allen without a rebound.
14:55 of 1st period - J.T. Compher wins face-off versus Kasperi Kapanen in NEW JERSEY Devils zone.
15:11 of 1st period - Icing by Bowen Byram.
15:12 of 1st period - Jamie Benn wins face-off versus J.T. Compher in NEW JERSEY Devils zone.
15:21 of 1st period - Shot by Andreas Athanasiou.
15:21 of 1st period - Stopped by Linus Ullmark with a rebound.
15:23 of 1st period - Shot by Thomas Novak.
15:23 of 1st period - Shot Misses the Net.
15:25 of 1st period - Shot by J.T. Compher.
15:25 of 1st period - Shot Misses the Net.
15:27 of 1st period - Shot by Andreas Athanasiou.
15:27 of 1st period - Goal by Andreas Athanasiou - NEW JERSEY Devils : 1 - NEW YORK Rangers : 0.
15:28 of 1st period - Ryan Donato wins face-off versus Brayden Schenn in neutral zone.
15:28 of 1st period - Jake Bean is hit by Brayden Schenn and loses puck.
15:55 of 1st period - Shot by Conor Garland.
15:55 of 1st period - Stopped by Jake Allen with a rebound.
16:05 of 1st period - Tyler Myers is hit by Ryan Donato and loses puck.
16:21 of 1st period - Icing by Oskar Lindblom.
16:22 of 1st period - Chris Kreider wins face-off versus Ryan Donato in NEW JERSEY Devils zone.
16:22 of 1st period - Mats Zuccarello is hit by Jake Bean and loses puck.
16:25 of 1st period - Shot by Justin Faulk.
16:25 of 1st period - Shot Blocked by Jake Bean.
16:29 of 1st period - Shot by Jamie Benn.
16:29 of 1st period - Shot Misses the Net.
16:59 of 1st period - Shot by Jamie Benn.
16:59 of 1st period - Stopped by Jake Allen without a rebound.
17:00 of 1st period - Kasperi Kapanen wins face-off versus Jack Hughes in NEW JERSEY Devils zone.
17:01 of 1st period - Shot by Dante Fabbro.
17:01 of 1st period - Stopped by Jake Allen without a rebound.
17:01 of 1st period - Minor Penalty to Jake Allen for Slashing.
17:02 of 1st period - Brayden Schenn wins face-off versus Jack Hughes in NEW JERSEY Devils zone.
17:11 of 1st period - Timo Meier is hit by Jack Hughes.
17:14 of 1st period - Off-side.
17:15 of 1st period - Jamie Benn wins face-off versus Kyle Okposo in neutral zone.
17:30 of 1st period - Shot by Andrew Copp.
17:30 of 1st period - Shot Misses the Net.
17:55 of 1st period - Chris Kreider is hit by Jon Merrill and loses puck.
18:29 of 1st period - Shot by Cam Fowler.
18:29 of 1st period - Stopped by Jake Allen with a rebound.
18:31 of 1st period - Shot by Tyler Myers.
18:31 of 1st period - Shot Misses the Net.
19:16 of 1st period - Off-side.
19:17 of 1st period - Casey Cizikas wins face-off versus Miles Wood in neutral zone.
19:17 of 1st period - Casey Cizikas is hit by Gabriel Landeskog.
19:23 of 1st period - Adam Boqvist is hit by Ryan Lomberg and loses puck.
Goals for this period are 1 for NEW JERSEY Devils vs 0 for NEW YORK Rangers.
Shots for this period are 10 for NEW JERSEY Devils vs 10 for NEW YORK Rangers.

2nd period


0:01 of 2nd period - Jack Hughes wins face-off versus Jamie Benn in neutral zone.
0:44 of 2nd period - Shot by Jack Hughes.
0:44 of 2nd period - Shot Misses the Net.
2:03 of 2nd period - Shot by Miles Wood.
2:03 of 2nd period - Stopped by Linus Ullmark with a rebound.
2:09 of 2nd period - Shot by Gabriel Landeskog.
2:09 of 2nd period - Shot Blocked by Cam Fowler.
2:11 of 2nd period - Shot by Bowen Byram.
2:11 of 2nd period - Stopped by Linus Ullmark with a rebound.
2:37 of 2nd period - Icing by Chris Wideman.
2:38 of 2nd period - Brayden Schenn wins face-off versus Ryan Donato in NEW JERSEY Devils zone.
2:38 of 2nd period - Brayden Schenn is hit by Chris Wideman.
2:48 of 2nd period - Timo Meier is hit by Chris Wideman and loses puck.
2:52 of 2nd period - Icing by Ryan Donato.
2:53 of 2nd period - Casey Cizikas wins face-off versus Joel Armia in NEW JERSEY Devils zone.
2:59 of 2nd period - Icing by Chris Wideman.
3:00 of 2nd period - Ryan Donato wins face-off versus Brayden Schenn in NEW JERSEY Devils zone.
3:00 of 2nd period - Ryan Donato is hit by Timo Meier.
3:09 of 2nd period - Joel Armia is hit by Dante Fabbro and loses puck.
4:19 of 2nd period - Shot by Vladislav Namestnikov.
4:19 of 2nd period - Stopped by Jake Allen with a rebound.
4:48 of 2nd period - Off-side.
4:49 of 2nd period - J.T. Compher wins face-off versus Andrew Copp in neutral zone.
6:02 of 2nd period - Shot by Miles Wood.
6:02 of 2nd period - Shot Blocked by Jacob Middleton.
6:20 of 2nd period - Shot by Chris Kreider.
6:20 of 2nd period - Stopped by Jake Allen without a rebound.
6:21 of 2nd period - Brayden Schenn wins face-off versus Ryan Donato in NEW JERSEY Devils zone.
6:30 of 2nd period - Shot by Timo Meier.
6:30 of 2nd period - Shot Misses the Net.
6:32 of 2nd period - Shot by Justin Faulk.
6:32 of 2nd period - Goal by Justin Faulk - NEW JERSEY Devils : 1 - NEW YORK Rangers : 1.
6:33 of 2nd period - Casey Cizikas wins face-off versus James van Riemsdyk in neutral zone.
7:09 of 2nd period - Shot by Bowen Byram.
7:09 of 2nd period - Stopped by Linus Ullmark without a rebound.
7:10 of 2nd period - Jamie Benn wins face-off versus J.T. Compher in NEW YORK Rangers zone.
7:18 of 2nd period - Icing by Jake Bean.
7:19 of 2nd period - J.T. Compher wins face-off versus Jamie Benn in NEW JERSEY Devils zone.
7:19 of 2nd period - J.T. Compher is hit by Jamie Benn.
7:22 of 2nd period - Andreas Athanasiou is hit by Jamie Benn and loses puck.
7:29 of 2nd period - Shot by Andreas Athanasiou.
7:29 of 2nd period - Shot Misses the Net.
7:34 of 2nd period - Icing by Mats Zuccarello.
7:35 of 2nd period - Jamie Benn wins face-off versus Jack Hughes in NEW YORK Rangers zone.
7:44 of 2nd period - Shot by Jamie Benn.
7:44 of 2nd period - Goal by Jamie Benn - NEW JERSEY Devils : 1 - NEW YORK Rangers : 2.
7:45 of 2nd period - Brayden Schenn wins face-off versus J.T. Compher in neutral zone.
7:54 of 2nd period - Shot by Brayden Schenn.
7:54 of 2nd period - Stopped by Jake Allen without a rebound.
7:55 of 2nd period - Jack Hughes wins face-off versus Jamie Benn in NEW JERSEY Devils zone.
7:55 of 2nd period - Jack Hughes is hit by Chris Kreider.
8:02 of 2nd period - Chris Kreider is hit by James van Riemsdyk and loses puck.
8:08 of 2nd period - Jack Hughes is hit by Justin Faulk and loses puck.
8:11 of 2nd period - Shot by Kyle Okposo.
8:11 of 2nd period - Stopped by Linus Ullmark without a rebound.
8:12 of 2nd period - J.T. Compher wins face-off versus Brayden Schenn in NEW YORK Rangers zone.
8:22 of 2nd period - Minor Penalty to Tyler Myers for High sticking.
8:23 of 2nd period - Jamie Benn wins face-off versus Jack Hughes in NEW YORK Rangers zone.
8:46 of 2nd period - Shot by Jon Merrill.
8:46 of 2nd period - Shot Misses the Net.
8:48 of 2nd period - Shot by Bowen Byram.
8:48 of 2nd period - Shot Hit the Post.
8:50 of 2nd period - Shot by Bowen Byram.
8:50 of 2nd period - Shot Misses the Net.
8:52 of 2nd period - Shot by Kyle Okposo.
8:52 of 2nd period - Stopped by Linus Ullmark with a rebound.
9:09 of 2nd period - Off-side.
9:10 of 2nd period - Jamie Benn wins face-off versus Oskar Lindblom in neutral zone.
9:51 of 2nd period - Shot by Andreas Athanasiou.
9:51 of 2nd period - Stopped by Linus Ullmark with a rebound.
10:22 of 2nd period - Shot by James van Riemsdyk.
10:22 of 2nd period - Stopped by Linus Ullmark without a rebound.
10:23 of 2nd period - Andrew Copp wins face-off versus Miles Wood in NEW YORK Rangers zone.
10:23 of 2nd period - Cam Fowler is hit by Miles Wood and loses puck.
11:00 of 2nd period - Shot by Tyler Myers.
11:00 of 2nd period - Stopped by Jake Allen without a rebound.
11:01 of 2nd period - Jamie Benn wins face-off versus J.T. Compher in NEW JERSEY Devils zone.
11:10 of 2nd period - Shot by Andreas Athanasiou.
11:10 of 2nd period - Stopped by Linus Ullmark without a rebound.
11:11 of 2nd period - Jack Hughes wins face-off versus Jamie Benn in NEW YORK Rangers zone.
11:16 of 2nd period - Shot by Jack Hughes.
11:16 of 2nd period - Shot Misses the Net.
11:26 of 2nd period - Shot by Mats Zuccarello.
11:26 of 2nd period - Shot Misses the Net.
11:28 of 2nd period - Shot by Jamie Benn.
11:28 of 2nd period - Shot Misses the Net.
11:32 of 2nd period - Shot by Jamie Benn.
11:32 of 2nd period - Deflect By Chris Kreider.
11:32 of 2nd period - Stopped by Jake Allen without a rebound.
11:33 of 2nd period - Brayden Schenn wins face-off versus J.T. Compher in NEW JERSEY Devils zone.
11:38 of 2nd period - Shot by Conor Garland.
11:38 of 2nd period - Shot Misses the Net.
11:44 of 2nd period - Adam Boqvist is hit by Brayden Schenn and loses puck.
12:02 of 2nd period - Shot by J.T. Compher.
12:02 of 2nd period - Stopped by Linus Ullmark without a rebound.
12:03 of 2nd period - Jamie Benn wins face-off versus Jack Hughes in NEW YORK Rangers zone.
13:09 of 2nd period - Icing by Justin Faulk.
13:10 of 2nd period - Brayden Schenn wins face-off versus J.T. Compher in NEW YORK Rangers zone.
13:10 of 2nd period - Brayden Schenn is hit by J.T. Compher.
13:18 of 2nd period - Bowen Byram is hit by Brayden Schenn and loses puck.
13:29 of 2nd period - Shot by Jared Spurgeon.
13:29 of 2nd period - Shot Misses the Net.
13:39 of 2nd period - Shot by Timo Meier.
13:39 of 2nd period - Shot Misses the Net.
14:02 of 2nd period - Shot by Dante Fabbro.
14:02 of 2nd period - Stopped by Jake Allen without a rebound.
14:03 of 2nd period - Ryan Donato wins face-off versus Jamie Benn in NEW JERSEY Devils zone.
14:03 of 2nd period - Ryan Donato is hit by Chris Kreider.
14:35 of 2nd period - Shot by Chris Kreider.
14:35 of 2nd period - Stopped by Jake Allen without a rebound.
14:36 of 2nd period - Kasperi Kapanen wins face-off versus Jack Hughes in NEW JERSEY Devils zone.
15:32 of 2nd period - Icing by Andrew Copp.
15:33 of 2nd period - J.T. Compher wins face-off versus Andrew Copp in NEW YORK Rangers zone.
15:42 of 2nd period - Shot by J.T. Compher.
15:42 of 2nd period - Stopped by Linus Ullmark without a rebound.
15:43 of 2nd period - Jamie Benn wins face-off versus Ryan Donato in NEW YORK Rangers zone.
15:49 of 2nd period - Jared Spurgeon is hit by Bowen Byram and loses puck.
15:53 of 2nd period - Jamie Benn is hit by Bowen Byram and loses puck.
16:02 of 2nd period - Shot by Chris Kreider.
16:02 of 2nd period - Stopped by Jake Allen without a rebound.
16:03 of 2nd period - Brayden Schenn wins face-off versus J.T. Compher in NEW JERSEY Devils zone.
16:39 of 2nd period - Icing by Tyler Myers.
16:40 of 2nd period - Brayden Schenn wins face-off versus Jack Hughes in NEW YORK Rangers zone.
17:59 of 2nd period - Jack Hughes is hit by Jamie Benn and loses puck.
Goals for this period are 0 for NEW JERSEY Devils vs 2 for NEW YORK Rangers.
Shots for this period are 10 for NEW JERSEY Devils vs 10 for NEW YORK Rangers.

3rd period


0:01 of 3rd period - Jamie Benn wins face-off versus Jack Hughes in neutral zone.
0:43 of 3rd period - Shot by Chris Kreider.
0:43 of 3rd period - Stopped by Jake Allen without a rebound.
0:44 of 3rd period - J.T. Compher wins face-off versus Brayden Schenn in NEW JERSEY Devils zone.
1:01 of 3rd period - Shot by Andreas Athanasiou.
1:01 of 3rd period - Stopped by Linus Ullmark without a rebound.
1:02 of 3rd period - Andrew Copp wins face-off versus Joel Armia in NEW YORK Rangers zone.
1:02 of 3rd period - Andrew Copp is hit by Oskar Lindblom.
1:12 of 3rd period - Shot by Kirill Marchenko.
1:12 of 3rd period - Goal by Kirill Marchenko - NEW JERSEY Devils : 1 - NEW YORK Rangers : 3.
1:13 of 3rd period - Brayden Schenn wins face-off versus J.T. Compher in neutral zone.
1:27 of 3rd period - Shot by Jared Spurgeon.
1:27 of 3rd period - Stopped by Jake Allen without a rebound.
1:28 of 3rd period - Jamie Benn wins face-off versus Jack Hughes in NEW JERSEY Devils zone.
2:08 of 3rd period - Shot by Jack Hughes.
2:08 of 3rd period - Shot Blocked by Tyler Myers.
3:18 of 3rd period - Shot by Andreas Athanasiou.
3:18 of 3rd period - Shot Blocked by Jacob Middleton.
3:34 of 3rd period - Shot by Andrew Copp.
3:34 of 3rd period - Goal by Andrew Copp - NEW JERSEY Devils : 1 - NEW YORK Rangers : 4.
3:35 of 3rd period - Ryan Lomberg wins face-off versus Ryan Donato in neutral zone.
3:38 of 3rd period - Jake Bean is hit by Vladislav Namestnikov and loses puck.
3:57 of 3rd period - Shot by Vladislav Namestnikov.
3:57 of 3rd period - Shot Misses the Net.
3:59 of 3rd period - Shot by Cam Fowler.
3:59 of 3rd period - Shot Blocked by Alexander Petrovic.
4:01 of 3rd period - Shot by Casey Cizikas.
4:01 of 3rd period - Deflect By Vladislav Namestnikov.
4:01 of 3rd period - Shot Blocked by Alexander Petrovic.
4:18 of 3rd period - Vladislav Namestnikov is hit by Alexander Petrovic and loses puck.
6:20 of 3rd period - Icing by Chris Wideman.
6:21 of 3rd period - Kirill Marchenko wins face-off versus Jack Hughes in NEW JERSEY Devils zone.
6:38 of 3rd period - Shot by Andrew Copp.
6:38 of 3rd period - Shot Misses the Net.
9:06 of 3rd period - Icing by James van Riemsdyk.
9:07 of 3rd period - Jack Hughes wins face-off versus Brayden Schenn in NEW JERSEY Devils zone.
9:14 of 3rd period - Shot by Brayden Schenn.
9:14 of 3rd period - Shot Misses the Net.
9:22 of 3rd period - Shot by Timo Meier.
9:22 of 3rd period - Shot Misses the Net.
9:24 of 3rd period - Shot by Brayden Schenn.
9:24 of 3rd period - Shot Misses the Net.
9:26 of 3rd period - Shot by Tyler Myers.
9:26 of 3rd period - Goal by Tyler Myers - NEW JERSEY Devils : 1 - NEW YORK Rangers : 5.
9:27 of 3rd period - Mats Zuccarello wins face-off versus J.T. Compher in neutral zone.
9:46 of 3rd period - Shot by Chris Kreider.
9:46 of 3rd period - Stopped by Jake Allen without a rebound.
9:47 of 3rd period - Brayden Schenn wins face-off versus Jack Hughes in NEW JERSEY Devils zone.
10:06 of 3rd period - Shot by Jack Hughes.
10:06 of 3rd period - Deflect By James van Riemsdyk.
10:06 of 3rd period - Stopped by Linus Ullmark without a rebound.
10:07 of 3rd period - Andreas Athanasiou wins face-off versus Jamie Benn in NEW YORK Rangers zone.
10:12 of 3rd period - Shot by Andreas Athanasiou.
10:12 of 3rd period - Stopped by Linus Ullmark without a rebound.
10:13 of 3rd period - Jamie Benn wins face-off versus Jack Hughes in NEW YORK Rangers zone.
10:37 of 3rd period - Shot by Jack Hughes.
10:37 of 3rd period - Stopped by Linus Ullmark without a rebound.
10:38 of 3rd period - Brayden Schenn wins face-off versus J.T. Compher in NEW YORK Rangers zone.
10:42 of 3rd period - Tyler Myers is hit by Jon Merrill and loses puck.
10:46 of 3rd period - Icing by Jon Merrill.
10:47 of 3rd period - Brayden Schenn wins face-off versus J.T. Compher in NEW JERSEY Devils zone.
10:48 of 3rd period - Shot by Conor Garland.
10:48 of 3rd period - Stopped by Jake Allen without a rebound.
10:49 of 3rd period - Jamie Benn wins face-off versus Jack Hughes in NEW JERSEY Devils zone.
11:10 of 3rd period - Shot by Chris Kreider.
11:10 of 3rd period - Shot Misses the Net.
11:49 of 3rd period - Jack Hughes is hit by Brayden Schenn and loses puck.
12:18 of 3rd period - Andreas Athanasiou is hit by Timo Meier.
12:40 of 3rd period - Shot by Kirill Marchenko.
12:40 of 3rd period - Shot Blocked by Adam Boqvist.
13:26 of 3rd period - Icing by Chris Wideman.
13:27 of 3rd period - Jamie Benn wins face-off versus Ryan Donato in NEW JERSEY Devils zone.
13:27 of 3rd period - Jamie Benn is hit by Chris Wideman.
13:43 of 3rd period - Shot by Ryan Donato.
13:43 of 3rd period - Shot Blocked by Justin Faulk.
13:45 of 3rd period - Shot by Oskar Lindblom.
13:45 of 3rd period - Stopped by Linus Ullmark with a rebound.
13:51 of 3rd period - Shot by Ryan Donato.
13:51 of 3rd period - Shot Misses the Net.
14:03 of 3rd period - Shot by Miles Wood.
14:03 of 3rd period - Stopped by Linus Ullmark without a rebound.
14:04 of 3rd period - J.T. Compher wins face-off versus Brayden Schenn in NEW YORK Rangers zone.
14:12 of 3rd period - Cam Fowler is hit by Andreas Athanasiou and loses puck.
14:36 of 3rd period - Shot by Conor Garland.
14:36 of 3rd period - Shot Misses the Net.
14:38 of 3rd period - Shot by Tyler Myers.
14:38 of 3rd period - Goal by Tyler Myers - NEW JERSEY Devils : 1 - NEW YORK Rangers : 6.
14:39 of 3rd period - Andrew Copp wins face-off versus Jack Hughes in neutral zone.
15:00 of 3rd period - Shot by Kyle Okposo.
15:00 of 3rd period - Stopped by Linus Ullmark without a rebound.
15:01 of 3rd period - Mats Zuccarello wins face-off versus Ryan Donato in NEW YORK Rangers zone.
15:08 of 3rd period - Shot by Chris Kreider.
15:08 of 3rd period - Stopped by Jake Allen with a rebound.
15:10 of 3rd period - Shot by Chris Kreider.
15:10 of 3rd period - Shot Misses the Net.
15:12 of 3rd period - Shot by Chris Kreider.
15:12 of 3rd period - Shot Misses the Net.
15:45 of 3rd period - Icing by Jon Merrill.
15:46 of 3rd period - Ryan Donato wins face-off versus Brayden Schenn in NEW JERSEY Devils zone.
16:37 of 3rd period - Icing by Jon Merrill.
16:38 of 3rd period - Ryan Donato wins face-off versus Andrew Copp in NEW JERSEY Devils zone.
17:00 of 3rd period - Off-side.
17:01 of 3rd period - Jack Hughes wins face-off versus Jamie Benn in neutral zone.
17:03 of 3rd period - Off-side.
17:04 of 3rd period - Jamie Benn wins face-off versus Jack Hughes in neutral zone.
17:07 of 3rd period - Shot by Jacob Middleton.
17:07 of 3rd period - Shot Misses the Net.
17:09 of 3rd period - Shot by Jamie Benn.
17:09 of 3rd period - Stopped by Jake Allen without a rebound.
17:10 of 3rd period - Jamie Benn wins face-off versus Jack Hughes in NEW JERSEY Devils zone.
17:14 of 3rd period - Icing by Adam Boqvist.
17:15 of 3rd period - Jamie Benn wins face-off versus Jack Hughes in NEW JERSEY Devils zone.
17:15 of 3rd period - Chris Kreider is hit by Bowen Byram and loses puck.
17:30 of 3rd period - Shot by Kyle Okposo.
17:30 of 3rd period - Stopped by Linus Ullmark without a rebound.
17:31 of 3rd period - Brayden Schenn wins face-off versus J.T. Compher in NEW YORK Rangers zone.
17:51 of 3rd period - Minor Penalty to J.T. Compher for Hooking.
17:52 of 3rd period - Jamie Benn wins face-off versus Jack Hughes in NEW JERSEY Devils zone.
18:05 of 3rd period - Shot by Chris Kreider.
18:05 of 3rd period - Shot Misses the Net.
18:07 of 3rd period - Shot by Chris Kreider.
18:07 of 3rd period - Stopped by Jake Allen with a rebound.
18:09 of 3rd period - Shot by Jared Spurgeon.
18:09 of 3rd period - Stopped by Jake Allen without a rebound.
18:10 of 3rd period - Jack Hughes wins face-off versus Brayden Schenn in NEW JERSEY Devils zone.
18:10 of 3rd period - Jack Hughes is hit by Brayden Schenn.
18:24 of 3rd period - Shot by Tyler Myers.
18:24 of 3rd period - Shot Misses the Net.
18:26 of 3rd period - Shot by Tyler Myers.
18:26 of 3rd period - Stopped by Jake Allen without a rebound.
18:27 of 3rd period - Jamie Benn wins face-off versus Jack Hughes in NEW JERSEY Devils zone.
18:30 of 3rd period - Shot by Chris Kreider.
18:30 of 3rd period - Stopped by Jake Allen without a rebound.
18:31 of 3rd period - Jamie Benn wins face-off versus Jack Hughes in NEW JERSEY Devils zone.
18:36 of 3rd period - Shot by Jamie Benn.
18:36 of 3rd period - Stopped by Jake Allen without a rebound.
18:37 of 3rd period - Jamie Benn wins face-off versus Jack Hughes in NEW JERSEY Devils zone.
19:00 of 3rd period - Shot by Jamie Benn.
19:00 of 3rd period - Shot Misses the Net.
19:09 of 3rd period - Shot by Jared Spurgeon.
19:09 of 3rd period - Deflect By Chris Kreider.
19:09 of 3rd period - Shot Misses the Net.
Goals for this period are 0 for NEW JERSEY Devils vs 4 for NEW YORK Rangers.
Shots for this period are 8 for NEW JERSEY Devils vs 15 for NEW YORK Rangers. Output by the SimonT Hockey Simulator (STHS) for Martin Benoit - Original Page W3C HTML5 Valid
Hockey Simulator - Hockey Simulation - Hockey Manager